 Dungeon Crawl Stone Soup version 0.21-a0-128-gf2b353c (webtiles) character file.

208 Musica the Skirmisher (level 5, -14/34 HPs)
             Began as a Gargoyle Berserker on July 17, 2017.
             Was a Believer of Trog.
             Splashed by Ijyb's acid (15 damage)
             ... on level 3 of the Dungeon.
             The game lasted 00:07:26 (2633 turns).

Musica the Skirmisher (Gargoyle Berserker)          Turns: 2633, Time: 00:07:31

Health: -14/34     AC:  9    Str: 20    XL:     5   Next: 86%
Magic:  5/5        EV:  8    Int:  8    God:    Trog [**....]
Gold:   94         SH:  0    Dex: 10    Spells: 4/4 levels left

rFire    + . .     SeeInvis .   k - +1 hand axe (venom)
rCold    + . .     Gourm    .   (no shield)
rNeg     + . .     Faith    .   e - +0 chain mail
rPois    ∞         Spirit   .   (no helmet)
rElec    +         Reflect  .   u - scarf {rC+ rF+}
rCorr    .         Harm     .   (no gloves)
MR       .....                  (no boots)
Stlth    ..........             (no amulet)
HPRegen  0.11/turn              (no ring)
MPRegen  0.09/turn              (no ring)

@: corroded
A: negative energy resistance 1, electricity resistance, unbreathing,
petrification resistance, rot immunity, AC +4
a: Berserk, Trog's Hand, Burn Spellbooks, Renounce Religion


You were on level 3 of the Dungeon.
You worshipped Trog.
Trog was pleased with you.
You were not hungry.

You visited 1 branch of the dungeon, and saw 4 of its levels.

You collected 94 gold pieces.

Inventory:

Hand Weapons
 a - a +0 mace
 j - a +0 hunting sling
 k - a +1 hand axe of venom (weapon)
Missiles
 m - 44 stones (quivered)
 o - 14 sling bullets
 s - 66 arrows
 t - a throwing net
 A - 2 tomahawks
Armour
 e - a +0 chain mail (worn)
 u - a scarf of resistance (worn)
Jewellery
 y - an uncursed ring of magical power
Scrolls
 d - 2 scrolls of teleportation
 h - a scroll of magic mapping
 n - a scroll of recharging
 w - 2 scrolls of identify
 z - a scroll of immolation {unknown}
Potions
 b - 2 potions of resistance {unknown}
 f - 2 potions of brilliance {unknown}
 i - a potion of curing {unknown}
 q - a potion of heal wounds {unknown}
 v - 2 potions of flight {unknown}
 x - a potion of agility {unknown}
Comestibles
 c - 2 bread rations
 g - a royal jelly
 l - 3 fruits
 p - 4 chunks of flesh
 r - a meat ration


   Skills:
 + Level 4.3 Fighting
 + Level 1.6(3.0) Axes
 + Level 4.2(4.4) Maces & Flails
 + Level 0.1 Slings
 + Level 4.0 Armour
 - Level 1.5 Dodging


You had 4 spell levels left.
You didn't know any spells.

Dungeon Overview and Level Annotations

Branches:
Dungeon (4/15)
 Temple: D:4-7

Altars:

Annotations:
D:3 Ijyb


Innate Abilities, Weirdness & Mutations

You are resistant to torment.
Your stone body is resilient. (AC +4)
You are immune to poison.
You resist negative energy. (rN+)
You are resistant to electric shocks. (rElec)
You can survive without breathing.
You are immune to petrification.
You are immune to rotting.


Message History

You hit the bullfrog skeleton.
You destroy the bullfrog skeleton!
Trog accepts your kill.
Your Armour skill increases to level 4!
You can't go up here!
You see here an adder corpse.
You butcher the adder corpse.
p - 5 chunks of flesh (gained 2)
There is a stone staircase leading up here.
You climb upwards.
There is a stone staircase leading down here.
Eating one of 5 chunks of flesh.
You eat one of the 5 chunks of flesh.
This raw flesh tastes terrible.
Ijyb the Twisted Goblin comes into view.
Ijyb shouts!
Ijyb zaps a wand.
The bolt of acid hits you!
Ouch! That really hurt!
* * * LOW HITPOINT WARNING * * *
The acid corrodes you!
You are splashed with acid!
The acid burns!
You die...

### ######### #..
.......# #####.###
#..# #.#
#.......###..###.#
#.###.#........#.#
#g ##.#..##..#.#.#
#. #.....##..#.#<#
#.##.............##
#.@..##.#####......
#.......# #...###
##...#### #####
##.## #.......# #.#
#.......# #.#
#.......# #.#
#.......# #.#
#.......# ####.###
#.......#


You could see Ijyb.

Vanquished Creatures
  A bullfrog zombie (D:4)
  A crimson imp (D:2)
  A bullfrog skeleton (D:4)
  Terence (D:2)
  2 adders
  A gnoll (D:1)
  An ooze (D:1)
  3 worms (D:2)
  A leopard gecko (D:3)
  4 orcs
  2 giant cockroaches
  4 hobgoblins
  2 jackals (D:1)
  2 quokkas
  A ball python (D:3)
  7 bats
  5 goblins
  6 kobolds
  6 rats
  2 plants (D:1)
53 creatures vanquished.

Notes
Turn   | Place    | Note
-------+----------+-------------------------------------------
     0 | D:1      | Musica the Gargoyle Berserker began the quest for the Orb.
     0 | D:1      | Reached XP level 1. HP: 14/14 MP: 1/1
   122 | D:1      | Reached XP level 2. HP: 6/19 MP: 2/2
   429 | D:1      | You fall through a shaft!
   438 | D:2      | Noticed Terence
   448 | D:2      | Killed Terence
   448 | D:2      | Reached XP level 3. HP: 24/24 MP: 3/3
   625 | D:2      | Reached XP level 4. HP: 29/29 MP: 4/4
  1801 | D:2      | Reached ** piety under Trog
  1974 | D:2      | Reached XP level 5. HP: 28/33 MP: 5/5
  2589 | D:4      | Reached skill level 1 in Axes
  2633 | D:3      | Noticed Ijyb
  2633 | D:3      | HP: 1/34 [Ijyb/wand of acid (?/15) (17)]
  2633 | D:3      | Splashed by Ijyb's acid

Vault maps used:
D:1:      tarquinn_simple_flora_water_c, serial_forest, infiniplex_forest_end_1,
          infiniplex_forest_clump_small, infiniplex_forest_end_1,
          infiniplex_forest_corner_2, infiniplex_forest_corner_1,
          infiniplex_forest_clump_curved, infiniplex_forest_zigzag_2,
          minmay_octomino_j4
D:2:      uniq_terence
D:3:      uniq_ijyb
D:4:      first_bread, nrook_mini_vaults, minmay_liquid_box, cheibriados_altar_1

Skill      XL: |  1  2  3  4  5 |
---------------+----------------+-----
Fighting       | 4 |  4.3
Maces & Flails | 4 |  4.2
Armour         | 3 4 |  4.0
Axes           | 1 |  1.6
Slings         | |  0.1
Dodging        | |  1.5

Action                   |  1- 3 |  4- 6 || total
-------------------------+-------+-------++-------
Melee: Mace              |    48 |    96 ||   144
       Hand axe          |       |    78 ||    78
 Fire: Hunting sling     |       |     6 ||     6
Invok: Berserk           |     2 |       ||     2
  Use: Scroll            |       |     9 ||     9
  Eat: Chunk             |     1 |     7 ||     8
Armor: Animal skin       |    12 |       ||    12
       Chain mail        |    23 |   105 ||   128
Dodge: Dodged            |    30 |    57 ||    87
